 Dungeon Crawl Stone Soup version 0.31-a0-180-g519b7de00c (webtiles) character file.

Game seed: 13605487533534501012

36 qw the Chopper (level 3, -6/23 HPs)
             Began as a Gargoyle Fighter on June 19, 2023.
             Killed from afar by Natasha (7 damage)
             ... with a magic dart
             ... on level 4 of the Dungeon.
             The game lasted 00:00:33 (1035 turns).

qw the Chopper (Gargoyle Fighter)                   Turns: 1035, Time: 00:00:33

Health: -6/23      AC: 10    Str: 21    XL:     3   Next: 37%
Magic:  3/3        EV:  9    Int:  8    God:
Gold:   43         SH:  4    Dex:  9    Spells: 2/2 levels left

rFire   + . .        Y - +0 war axe
rCold   . . .        c - +0 buckler
rNeg    + . .        b - +0 scale mail
rPois   inf          (no helmet)
rElec   +            (no cloak)
rCorr   .            (no gloves)
SInv    .            (no boots)
Will    .....        (no amulet) Stlth
                     g - ring of protection from fire
HPRegen 0.23/turn    (no ring)
MPRegen 0.08/turn

%: no passive effects
@: slowed, very slow
A: sickness immunity, AC +3, negative energy resistance 1, electricity
resistance, torment resistance 1, petrification resistance
a: no special abilities


You were on level 4 of the Dungeon.
You visited 1 branch of the dungeon, and saw 3 of its levels.

You collected 43 gold pieces.


Innate Abilities, Weirdness & Mutations

You are immune to sickness and miasma.
Your stone body is resilient. (AC +3)
You are immune to poison.
You resist negative energy. (rN+)
You are resistant to electric shocks. (rElec)
You are resistant to unholy torment.
You are immune to petrification.


   Skills:
 - Level 3.2 Fighting
 + Level 3.3 Axes
 - Level 3.2 Armour
 - Level 3.2 Shields


You had 2 spell levels left.
You didn't know any spells.
Your spell library was empty.

Inventory:

Hand Weapons
 e - a +0 club
 Y - a +0 war axe (weapon)
Armour
 b - a +0 scale mail (worn)
 c - a +0 buckler (worn)
Jewellery
 g - a ring of protection from fire (left hand)
Potions
 d - a potion of might
 f - 2 potions of curing
 h - a potion of attraction {unknown}

Dungeon Overview and Level Annotations

Branches:
Dungeon (2/15)

Altars:

Annotations:
D:4 Natasha


Message History

You closely miss Natasha. Natasha closely misses you. Natasha claws you!
You hit Natasha.
Natasha is moderately wounded.
Natasha casts a spell.
You miss Natasha.
Natasha is moderately wounded.
You block Natasha's attack.
Natasha mumbles some strange words.
You closely miss Natasha.
Natasha is moderately wounded.
The cerulean imp hits you from afar with a +2 spear.
Natasha claws you. You block the cerulean imp's attack.
You slash Natasha!
Natasha is severely wounded.
The cerulean imp hits you from afar with a +1 spear.
Natasha claws you but does no damage. The cerulean imp barely misses you.
The cerulean imp hits you but does no damage.
You closely miss Natasha.
Natasha is severely wounded.
Natasha claws you.
The cerulean imp hits you but does no damage.
The cerulean imp barely misses you. You block Natasha's attack.
You barely miss Natasha.
Natasha is severely wounded.
The cerulean imp hits you from afar with a +2 spear.
The cerulean imp hits you from afar with a +1 spear.
Natasha barely misses you. You block the cerulean imp's attack.
You barely miss Natasha.
Natasha is severely wounded.
The cerulean imp hits you but does no damage.
Natasha stares at you and mumbles some strange words.
You feel yourself slow down.
The cerulean imp hits you but does no damage.
The cerulean imp hits you from afar with a +1 spear.
You barely miss Natasha.
Natasha is severely wounded.
Natasha stares at you and mumbles some strange words.
The magic dart hits you!
You die...

.. ### #.##...
#...#.# #...#.#
#(.....
######.##55###
.......##.h..#
####...###@#
#..........#
#.##.#.#.....#
#.#.#.###.#
#.#.#.. .#
#######.#.###.#.#
#...............#
#.#####.#.......#
#.# ............


You could see Natasha and 2 cerulean imps.

Vanquished Creatures
  A dart slug (D:1)
  4 ball pythons (D:1)
  8 endoplasms (D:1)
  A giant cockroach (D:1)
  A goblin (D:1)
  3 hobgoblins (D:1)
  2 quokkas (D:1)
  4 bats (D:1)
  A frilled lizard (D:1)
  6 rats (D:1)
31 creatures vanquished.

Notes
Turn   | Place    | Note
-------+----------+-------------------------------------------
     0 | D:1      | qw the Gargoyle Fighter began the quest for the Orb.
     0 | D:1      | Reached XP level 1. HP: 14/14 MP: 1/1
     0 | D:1      | 0 ||| qw: Version: 0.3-a-7-ge0c9b40
     0 | D:1      | 0 ||| qw: Game counter: 949
     0 | D:1      | 0 ||| qw: Always use a shield: true
     0 | D:1      | 0 ||| qw: God list: Okawaru
     0 | D:1      | 0 ||| qw: Allow faded altars: false
     0 | D:1      | 0 ||| qw: Do Orc after D:15 true
     0 | D:1      | 0 ||| qw: Do second Lair branch before Depths: true
     0 | D:1      | 0 ||| qw: Lair rune preference: random
     0 | D:1      | 0 ||| qw: Plans: Normal, Zot:1-4, Slime:5, God:TSO, Crypt,
                  | Tomb, Abyss, Pan, Hells, Win
     0 | D:1      | 0 ||| PLANNING D:1-11
   212 | D:1      | Reached XP level 2. HP: 19/19 MP: 2/2
   225 | D:1      | 225 ||| Stepping ~*~*~tactically~*~*~ (stealth).
   421 | D:1      | Reached skill level 3 in Axes
   450 | D:1      | Reached XP level 3. HP: 17/23 MP: 3/3
   982 | D:1      | 982 ||| UPGRADING to ring of protection from fire.
   983 | D:1      | 983 ||| READING scroll labelled YJATWYZXOE.
   984 | D:1      | 984 ||| DRINKING 3 metallic brown potions.
  1003 | D:2      | You fall into a shaft and drop 2 floors!
  1021 | D:4      | Noticed Natasha
  1022 | D:4      | 1022 ||| Stepping ~*~*~tactically~*~*~ (hiding).
  1032 | D:4      | HP: 4/23 [Natasha (4)]
  1033 | D:4      | HP: 1/23 [cerulean imp/+1 spear[Natasha] (1)]
  1035 | D:4      | Killed from afar by Natasha

Levels and vault maps discovered:
D:1:      roderic_chinese_lattice_arrival, layout_loops_corners,
          kennysheep_pointless_box, st_stairs_13
D:2:      layout_basic
D:4:      layout_basic, nicolae_elyvilon_peaceful_grove, uniq_natasha,
          uniq_eustachio, uniq_crazy_yiuf_cottage

Skill      XL: |  1  2 |
---------------+-------+-----
Axes           | 2 3 |  3.3
Fighting       | |  3.2
Armour         | |  3.2
Shields        | |  3.2

Action                     || total
---------------------------++-------
  Melee: War axe           ||   101
    Use: Scroll            ||     1
         Potion            ||     1
 Armour: Scale mail        ||    53
  Dodge: Dodged            ||    37
  Block: Buckler           ||    21

Table legend:
 A = Non-vault XP
 B = Vault XP
 C = Vault XP percentage of total XP
 D = Non-vault monster count
 E = Vault monster count
 F = Vault count percentage of total count
                 A         B        C        D         E       F
            +---------+---------+-------+---------+---------+-------
      Total |      48 |       4 |   7.7 |      29 |       2 |   6.5
            +---------+---------+-------+---------+---------+-------
        D:1 |      48 |       4 |   7.7 |      29 |       2 |   6.5
            +---------+---------+-------+---------+---------+-------
